[Event "GER-ch Youth U18w 2019"]
[Site "Willingen"]
[Date "2019.06.10"]
[Round "3.5"]
[White "Poetsch, Leonore"]
[Black "Ratay, Meike"]
[Result "0-1"]
[ECO "B94"]
[WhiteElo "1982"]
[BlackElo "1991"]
[Annotator "NA"]
[PlyCount "32"]
[EventDate "2019.06.07"]
[EventType "swiss"]
[EventRounds "9"]
[EventCountry "GER"]
[SourceTitle "playchess.com"]
[Source "ChessBase"]
[SourceQuality "1"]
[TimeControl "40/5400+30:1800+30"]

1. e4 c5 2. Nf3 d6 3. d4 Nf6 4. Nc3 cxd4 5. Nxd4 a6 6. Bg5 Nbd7 7. Qf3 h6 8. Bxf6 Nxf6 9. O-O-O Bg4 10. Qd3 Bxd1 11. Qxd1 Qc7 12. Bd3 e6 13. f4 Be7 14. g4 O-O-O 15. Qf3 d5 16. e5 Nd7 {[%emt 0:00:39] normal} 0-1

[Event "GER-ch Youth U18w 2019"]
[Site "Willingen"]
[Date "2019.06.10"]
[Round "3.6"]
[White "Koehler, Inken"]
[Black "Tampe, Friederike"]
[Result "1-0"]
[ECO "C44"]
[WhiteElo "1975"]
[BlackElo "1512"]
[Annotator "NA"]
[PlyCount "75"]
[EventDate "2019.06.07"]
[EventType "swiss"]
[EventRounds "9"]
[EventCountry "GER"]
[SourceTitle "playchess.com"]
[Source "ChessBase"]
[SourceQuality "1"]
[TimeControl "40/5400+30:1800+30"]

1. e4 e5 2. Nf3 Nc6 3. d4 exd4 4. Nxd4 Nf6 5. Nxc6 bxc6 6. Qe2 Bc5 7. Nc3 O-O 8. g3 d6 9. Bg2 Re8 10. O-O Bg4 11. Qa6 Bd7 12. Qd3 Ng4 13. Na4 Ne5 14. Qc3 Bb6 15. b3 Qe7 16. Bb2 f6 17. Qd2 Rad8 18. c4 Be6 19. Ba3 Qd7 20. Qc3 Bh3 21. Rad1 Qg4 22. Rfe1 Ba5 23. b4 Bb6 24. Nxb6 cxb6 25. f4 Nf7 26. Bf3 Qe6 27. Bb2 c5 28. b5 Re7 29. Bh5 Qc8 30. Qd3 Bg4 31. Bxg4 Qxg4 32. Kg2 Rde8 33. Re3 f5 34. Rde1 fxe4 35. Rxe4 Rxe4 36. Rxe4 Rxe4 37. Qxe4 Qc8 38. Qe7 {[%emt 0:02:26] normal} 1-0

[Event "GER-ch Youth U18w 2019"]
[Site "Willingen"]
[Date "2019.06.10"]
[Round "3.7"]
[White "Alferova, Ekaterina"]
[Black "Reitz, Theresa"]
[Result "1/2-1/2"]
[ECO "A45"]
[WhiteElo "1597"]
[BlackElo "1976"]
[Annotator "NA"]
[PlyCount "59"]
[EventDate "2019.06.07"]
[EventType "swiss"]
[EventRounds "9"]
[EventCountry "GER"]
[SourceTitle "playchess.com"]
[Source "ChessBase"]
[SourceQuality "1"]
[TimeControl "40/5400+30:1800+30"]

1. d4 Nf6 2. Bf4 g6 3. e3 Bg7 4. h3 d5 5. Nf3 O-O 6. Be2 c5 7. c3 b6 8. O-O Nc6 9. Nbd2 Bb7 10. Rc1 Nd7 11. Bh2 e5 12. dxe5 Ndxe5 13. Nxe5 Nxe5 14. Nf3 Nc4 15. Qc2 Qe7 16. Rfd1 Rfd8 17. Bf4 h6 18. Bh2 Rac8 19. Bf4 Nd6 20. Qd3 Ne4 21. Qb1 Bc6 22. Qd3 b5 23. a3 a6 24. Qb1 f5 25. Bh2 Kh8 26. Bf4 Nf6 27. Ne5 Qe8 28. Nxc6 Rxc6 29. Bf3 Ne4 30. Qc2 {[%emt 0:01:06] normal} 1/2-1/2

[Event "GER-ch Youth U18w 2019"]
[Site "Willingen"]
[Date "2019.06.10"]
[Round "3.8"]
[White "Trams, Emma Joe"]
[Black "Koenze, Heike"]
[Result "0-1"]
[ECO "B90"]
[WhiteElo "1418"]
[BlackElo "1919"]
[Annotator "NA"]
[PlyCount "58"]
[EventDate "2019.06.07"]
[EventType "swiss"]
[EventRounds "9"]
[EventCountry "GER"]
[SourceTitle "playchess.com"]
[Source "ChessBase"]
[SourceQuality "1"]
[TimeControl "40/5400+30:1800+30"]

1. e4 c5 2. Nf3 d6 3. d4 cxd4 4. Nxd4 Nf6 5. Nc3 a6 6. Bc4 e6 7. O-O Be7 8. Re1 O-O 9. Be3 b5 10. Bd3 Bb7 11. a3 Nbd7 12. Qf3 Nc5 13. Rad1 Rc8 14. Nde2 Nfxe4 15. Bxe4 Nxe4 16. Nxe4 Ba8 17. Qf4 e5 18. Qg3 Bxe4 19. c3 f5 20. Qh3 f4 21. Qe6+ Kh8 22. Bc1 Rf6 23. Qb3 Ba8 24. f3 Qb6+ 25. Kf1 Qa7 26. a4 bxa4 27. Qxa4 Rh6 28. Nxf4 Bc6 29. Qc4 Bb5 {[%emt 0:00:23] normal} 0-1

[Event "GER-ch Youth U18w 2019"]
[Site "Willingen"]
[Date "2019.06.10"]
[Round "3.9"]
[White "Browning, Rebecca"]
[Black "Schneider, Xenia"]
[Result "1-0"]
[ECO "B10"]
[WhiteElo "1923"]
[BlackElo "1364"]
[Annotator "NA"]
[PlyCount "49"]
[EventDate "2019.06.07"]
[EventType "swiss"]
[EventRounds "9"]
[EventCountry "GER"]
[SourceTitle "playchess.com"]
[Source "ChessBase"]
[SourceQuality "1"]
[TimeControl "40/5400+30:1800+30"]

1. e4 c6 2. Nf3 d5 3. exd5 cxd5 4. Ne5 Nc6 5. d4 Bf5 6. c3 Qb6 7. Qf3 e6 8. Bd3 Nge7 9. Nxc6 bxc6 10. O-O Bxd3 11. Qxd3 Nf5 12. Nd2 Be7 13. Nf3 O-O 14. Ne5 c5 15. Nd7 Qd8 16. Nxf8 Bxf8 17. dxc5 Bxc5 18. Kh1 Qh4 19. Qf3 Bd6 20. g3 Qh3 21. Qg2 Qg4 22. Bd2 Rb8 23. b4 h5 24. a4 h4 25. f3 {[%emt 0:03:53] normal} 1-0

[Event "GER-ch Youth U18w 2019"]
[Site "Willingen"]
[Date "2019.06.10"]
[Round "3.10"]
[White "Fock, Sana"]
[Black "Mundt, Alexandra"]
[Result "1-0"]
[ECO "C28"]
[WhiteElo "1796"]
[BlackElo "1797"]
[Annotator "NA"]
[PlyCount "53"]
[EventDate "2019.06.07"]
[EventType "swiss"]
[EventRounds "9"]
[EventCountry "GER"]
[SourceTitle "playchess.com"]
[Source "ChessBase"]
[SourceQuality "1"]
[TimeControl "40/5400+30:1800+30"]

1. e4 e5 2. Nc3 Nf6 3. Bc4 Nc6 4. d3 Bb4 5. Nge2 d6 6. O-O Be6 7. Bxe6 fxe6 8. Bg5 Qe7 9. a3 Bxc3 10. Nxc3 O-O-O 11. b4 h6 12. Be3 g5 13. b5 Nd4 14. a4 g4 15. Na2 d5 16. c3 dxe4 17. cxd4 exd4 18. Bc1 exd3 19. Qxd3 e5 20. Ba3 Qe6 21. Rfc1 Rhe8 22. a5 e4 23. Qc2 Rd7 24. b6 axb6 25. axb6 Nd5 26. Bc5 d3 27. Nb4 {[%emt 0:09:34] normal} 1-0

[Event "GER-ch Youth U18w 2019"]
[Site "Willingen"]
[Date "2019.06.10"]
[Round "3.11"]
[White "Gauchel, Verena"]
[Black "Fuchs, Emily"]
[Result "0-1"]
[ECO "E32"]
[WhiteElo "1534"]
[BlackElo "1384"]
[Annotator "NA"]
[PlyCount "64"]
[EventDate "2019.06.07"]
[EventType "swiss"]
[EventRounds "9"]
[EventCountry "GER"]
[SourceTitle "playchess.com"]
[Source "ChessBase"]
[SourceQuality "1"]
[TimeControl "40/5400+30:1800+30"]

1. d4 Nf6 2. c4 e6 3. Nc3 Bb4 4. Qc2 b6 5. Nf3 Bb7 6. a3 Bxc3+ 7. Qxc3 Ne4 8. Qc2 f5 9. e3 d6 10. Bd3 O-O 11. b4 Nd7 12. Bb2 c5 13. dxc5 dxc5 14. O-O Qe7 15. Nd2 Nxd2 16. Qxd2 Nf6 17. f3 Rad8 18. Qc3 Nh5 19. b5 Qg5 20. Bc2 Rf6 21. Qe1 Rg6 22. Qe2 Rh6 23. Be5 f4 24. exf4 Nxf4 25. Bxf4 Qxf4 26. g3 Rd2 27. gxf4 Rxe2 28. Be4 Bxe4 29. fxe4 Rxe4 30. Rac1 Rf6 31. Rc3 Rfxf4 32. Rxf4 Rxf4 {[%emt 0:00:03] normal} 0-1

[Event "GER-ch Youth U18w 2019"]
[Site "Willingen"]
[Date "2019.06.10"]
[Round "3.12"]
[White "Peters, Jenna Maria Lara"]
[Black "Schiewe, Nadin"]
[Result "0-1"]
[ECO "B09"]
[WhiteElo "1594"]
[BlackElo "1608"]
[Annotator "NA"]
[PlyCount "37"]
[EventDate "2019.06.07"]
[EventType "swiss"]
[EventRounds "9"]
[EventCountry "GER"]
[SourceTitle "playchess.com"]
[Source "ChessBase"]
[SourceQuality "1"]
[TimeControl "40/5400+30:1800+30"]

1. e4 d6 2. d4 Nf6 3. Nc3 g6 4. f4 Bg7 5. Bc4 c6 6. Bb3 O-O 7. Nf3 e6 8. Qe2 Nbd7 9. O-O a6 10. h3 b5 11. g4 c5 12. e5 dxe5 13. dxe5 Ne8 14. a4 c4 15. Ba2 Nc7 16. b3 b4 17. Ne4 c3 18. Qc4 a5 19. Rd1 {[%emt 0:05:10] normal} 0-1

[Event "GER-ch Youth U18w 2019"]
[Site "Willingen"]
[Date "2019.06.10"]
[Round "3.13"]
[White "Kuemmel, Tina"]
[Black "Gesell, Patricia"]
[Result "1-0"]
[ECO "A43"]
[WhiteElo "1446"]
[BlackElo "1046"]
[Annotator "NA"]
[PlyCount "81"]
[EventDate "2019.06.07"]
[EventType "swiss"]
[EventRounds "9"]
[EventCountry "GER"]
[SourceTitle "playchess.com"]
[Source "ChessBase"]
[SourceQuality "1"]
[TimeControl "40/5400+30:1800+30"]

1. d4 c5 2. d5 b5 3. g3 Bb7 4. e4 Nf6 5. Bg2 d6 6. Ne2 e6 7. dxe6 fxe6 8. Nf4 Qc8 9. Qe2 a6 10. Nd2 Be7 11. Bh3 Qc6 12. Bxe6 Nbd7 13. Nd5 Nf8 14. Nxf6+ Bxf6 15. Bd5 Qc7 16. Bxb7 Qxb7 17. O-O Ng6 18. Qg4 Rd8 19. c3 Qd7 20. Qxd7+ Rxd7 21. f4 O-O 22. Nf3 Re7 23. Rd1 Rxe4 24. Rxd6 Ra8 25. Bd2 Re2 26. Kf1 Ree8 27. Re1 Rxe1+ 28. Bxe1 b4 29. Rc6 Be7 30. Bf2 Nf8 31. Bxc5 Bxc5 32. Rxc5 Rb8 33. cxb4 Rxb4 34. b3 Nd7 35. Rc7 Nf6 36. Ne5 Kf8 37. Rc8+ Ne8 38. Ra8 Rd4 39. Rxa6 Rd1+ 40. Ke2 Rh1 41. h4 {[%emt 0:30:38] normal} 1-0

[Event "GER-ch Youth U18w 2019"]
[Site "Willingen"]
[Date "2019.06.11"]
[Round "4.1"]
[White "Schulze, Lara"]
[Black "Arnhold, Steffi"]
[Result "1-0"]
[ECO "B38"]
[WhiteElo "2160"]
[BlackElo "1996"]
[Annotator "NA"]
[PlyCount "81"]
[EventDate "2019.06.07"]
[EventType "swiss"]
[EventRounds "9"]
[EventCountry "GER"]
[SourceTitle "playchess.com"]
[Source "ChessBase"]
[SourceQuality "1"]
[TimeControl "40/5400+30:1800+30"]

1. e4 c5 2. Nf3 Nc6 3. d4 cxd4 4. Nxd4 g6 5. c4 Bg7 6. Be3 Qb6 7. Nb5 Qa5+ 8. Bd2 Qd8 9. N1c3 a6 10. Na3 Nf6 11. Bd3 d6 12. O-O O-O 13. Nc2 Ne5 14. Be2 Be6 15. Ne3 Rc8 16. b3 Nc6 17. Rc1 Nd4 18. Bd3 Nd7 19. f4 f5 20. Kh1 Nc5 21. Bb1 Bd7 22. exf5 Nxf5 23. b4 Ne6 24. Nxf5 gxf5 25. Nd5 b5 26. Be3 bxc4 27. Nb6 Rc6 28. Nxd7 Qxd7 29. Qd5 Kh8 30. Rxc4 Rxc4 31. Qxc4 Nc7 32. Rc1 Qe6 33. Qxe6 Nxe6 34. Bd3 Rb8 35. Bxf5 Nd4 36. Rc8+ Rxc8 37. Bxc8 Nc2 38. Bd2 a5 39. b5 a4 40. b6 Bd4 41. Bc3 {[%emt 0:05:19] normal} 1-0

[Event "GER-ch Youth U18w 2019"]
[Site "Willingen"]
[Date "2019.06.11"]
[Round "4.2"]
[White "Moenster, Madita"]
[Black "Ziegenfuss, Antonia"]
[Result "1-0"]
[ECO "B29"]
[WhiteElo "1994"]
[BlackElo "2111"]
[Annotator "NA"]
[PlyCount "90"]
[EventDate "2019.06.07"]
[EventType "swiss"]
[EventRounds "9"]
[EventCountry "GER"]
[SourceTitle "playchess.com"]
[Source "ChessBase"]
[SourceQuality "1"]
[TimeControl "40/5400+30:1800+30"]

1. e4 c5 2. Nf3 Nf6 3. Nc3 d5 4. Bb5+ Bd7 5. e5 Bxb5 6. Nxb5 Nfd7 7. e6 fxe6 8. O-O Qb6 9. Qe2 c4 10. Nc3 Na6 11. d3 cxd3 12. cxd3 d4 13. Ne4 h6 14. Nfd2 g6 15. Nc4 Qc6 16. Bf4 Bg7 17. Rac1 Qd5 18. Qg4 Kf7 19. Rfe1 e5 20. Bg3 Qe6 21. Qe2 Rhf8 22. Ned2 Kg8 23. Nf3 Qf5 24. Ncxe5 Nxe5 25. Nxe5 Rac8 26. Nf3 Nb4 27. Nh4 Qf7 28. a3 g5 29. Nf3 Nd5 30. Qe4 Rxc1 31. Rxc1 Qf5 32. Nd2 Qxe4 33. Nxe4 Kf7 34. f3 Kg6 35. Nc5 Rc8 36. Nb3 Rxc1+ 37. Nxc1 Ne3 38. h4 Nf5 39. Bb8 Nxh4 40. Bxa7 Nf5 41. Nb3 e5 42. a4 Nd6 43. Bb8 Bf8 44. Nc5 b5 45. Nd7 Be7 {[%emt 0:00:34] normal} 1-0

[Event "GER-ch Youth U18w 2019"]
[Site "Willingen"]
[Date "2019.06.11"]
[Round "4.3"]
[White "Moeller, Lisa-Marie"]
[Black "Nguyen, Ha Thanh"]
[Result "0-1"]
[ECO "B31"]
[WhiteElo "1900"]
[BlackElo "1940"]
[Annotator "NA"]
[PlyCount "76"]
[EventDate "2019.06.07"]
[EventType "swiss"]
[EventRounds "9"]
[EventCountry "GER"]
[SourceTitle "playchess.com"]
[Source "ChessBase"]
[SourceQuality "1"]
[TimeControl "40/5400+30:1800+30"]

1. e4 c5 2. Nf3 Nc6 3. Bb5 g6 4. Bxc6 dxc6 5. h3 Bg7 6. d3 b6 7. Nc3 e5 8. Be3 Ne7 9. Qd2 h6 10. Nh2 Be6 11. O-O g5 12. a4 Ng6 13. a5 O-O 14. axb6 axb6 15. Ra4 Rxa4 16. Nxa4 Qc7 17. b4 Ra8 18. Nb2 Ra2 19. Rb1 cxb4 20. Qxb4 c5 21. Qc3 Nf4 22. Kf1 Qa7 23. Nc4 b5 24. Nd6 b4 25. Qxc5 Qxc5 26. Bxc5 Rxc2 27. Bxb4 Nxd3 28. Be1 Kh7 29. Ng4 Kg6 30. Ne3 Rc6 31. Nef5 Bf8 32. Rd1 Bxd6 33. Rxd3 Bc4 34. Ke2 Ra6 35. Ne3 Ra2+ 36. Bd2 Ba6 37. Nd1 Bb4 {[%emt 0:00:25] normal} 38. Ke3 {[%emt 0:00:50] normal} Bc5+ 0-1

[Event "GER-ch Youth U18w 2019"]
[Site "Willingen"]
[Date "2019.06.11"]
[Round "4.4"]
[White "Ratay, Meike"]
[Black "Browning, Rebecca"]
[Result "1/2-1/2"]
[ECO "C11"]
[WhiteElo "1991"]
[BlackElo "1923"]
[Annotator "NA"]
[PlyCount "50"]
[EventDate "2019.06.07"]
[EventType "swiss"]
[EventRounds "9"]
[EventCountry "GER"]
[SourceTitle "playchess.com"]
[Source "ChessBase"]
[SourceQuality "1"]
[TimeControl "40/5400+30:1800+30"]

1. e4 e6 2. d4 d5 3. Nc3 Nf6 4. e5 Nfd7 5. f4 c5 6. Nf3 Nc6 7. Be3 a6 8. Qd2 b5 9. dxc5 Bxc5 10. Bd3 Qb6 11. Bf2 Bxf2+ 12. Qxf2 Qxf2+ 13. Kxf2 Nc5 14. Ke3 b4 15. Ne2 a5 16. Ned4 Nxd4 17. Nxd4 Bd7 18. Rhc1 Ke7 19. c4 bxc3 20. Rxc3 Nxd3 21. Kxd3 Ra6 22. Rac1 Rb8 23. R1c2 a4 24. Rc7 Ke8 25. g3 h6 {[%emt 0:03:45] normal Ke4} 1/2-1/2

[Event "GER-ch Youth U18w 2019"]
[Site "Willingen"]
[Date "2019.06.11"]
[Round "4.5"]
[White "Koenze, Heike"]
[Black "Koehler, Inken"]
[Result "1/2-1/2"]
[ECO "B07"]
[WhiteElo "1919"]
[BlackElo "1975"]
[Annotator "NA"]
[PlyCount "57"]
[EventDate "2019.06.07"]
[EventType "swiss"]
[EventRounds "9"]
[EventCountry "GER"]
[SourceTitle "playchess.com"]
[Source "ChessBase"]
[SourceQuality "1"]
[TimeControl "40/5400+30:1800+30"]

1. e4 d6 2. d4 Nf6 3. Nc3 Nbd7 4. Nf3 e5 5. Bg5 Be7 6. dxe5 dxe5 7. Be2 O-O 8. O-O c6 9. h3 Qc7 10. Bc4 Nc5 11. Re1 b5 12. Bb3 a5 13. a3 Be6 14. Bxe6 Nxe6 15. Qe2 Nd4 16. Nxd4 exd4 17. e5 Ne8 18. Bxe7 Qxe7 19. Nb1 Nc7 20. Nd2 Rfe8 21. Qe4 c5 22. a4 Qd7 23. axb5 Qxb5 24. b3 Qb4 25. Nc4 Ra6 26. Qf5 Rae6 27. Kh2 g6 28. Qf3 Nb5 29. Re4 {[%emt 0:02:42] normal} 1/2-1/2

[Event "GER-ch Youth U18w 2019"]
[Site "Willingen"]
[Date "2019.06.11"]
[Round "4.6"]
[White "Fuchs, Emily"]
[Black "Poetsch, Leonore"]
[Result "0-1"]
[ECO "C01"]
[WhiteElo "1384"]
[BlackElo "1982"]
[Annotator "NA"]
[PlyCount "88"]
[EventDate "2019.06.07"]
[EventType "swiss"]
[EventRounds "9"]
[EventCountry "GER"]
[SourceTitle "playchess.com"]
[Source "ChessBase"]
[SourceQuality "1"]
[TimeControl "40/5400+30:1800+30"]

1. e4 e6 2. d4 d5 3. exd5 exd5 4. Bd3 Nc6 5. c3 Bd6 6. Nf3 Nge7 7. O-O Bf5 8. Re1 Bxd3 9. Qxd3 O-O 10. Nbd2 Qd7 11. Nf1 Rae8 12. Ng3 Ng6 13. Bd2 Nd8 14. Rxe8 Rxe8 15. Re1 Rxe1+ 16. Nxe1 Qa4 17. a3 Qb3 18. Qc2 Qb5 19. a4 Qe8 20. Nf3 Ne6 21. Nf5 Bf8 22. Qb3 Qc6 23. Qb5 Qxb5 24. axb5 f6 25. b3 Ne7 26. Nxe7+ Bxe7 27. c4 dxc4 28. bxc4 Kf7 29. Kf1 h5 30. Ke2 g5 31. Kd3 Bd6 32. g3 Kg6 33. c5 Be7 34. Kc4 c6 35. Bb4 Nc7 36. bxc6 bxc6 37. Ne1 Nd5 38. Nd3 Kf5 39. h3 Ke4 40. Bd2 Bd8 41. f4 g4 42. hxg4 hxg4 43. Be1 Ne3+ 44. Kb3 Kxd3 {[%emt 0:00:26] normal} 0-1

[Event "GER-ch Youth U18w 2019"]
[Site "Willingen"]
[Date "2019.06.11"]
[Round "4.7"]
[White "Reitz, Theresa"]
[Black "Fock, Sana"]
[Result "1/2-1/2"]
[ECO "A06"]
[WhiteElo "1976"]
[BlackElo "1796"]
[Annotator "NA"]
[PlyCount "77"]
[EventDate "2019.06.07"]
[EventType "swiss"]
[EventRounds "9"]
[EventCountry "GER"]
[SourceTitle "playchess.com"]
[Source "ChessBase"]
[SourceQuality "1"]
[TimeControl "40/5400+30:1800+30"]

1. Nf3 d5 2. g3 Nf6 3. Bg2 e6 4. O-O Be7 5. d4 O-O 6. c4 c6 7. b3 b6 8. Bb2 Bb7 9. Nc3 Nbd7 10. Re1 Rc8 11. e4 dxe4 12. Ng5 h6 13. Ngxe4 Nxe4 14. Bxe4 Nf6 15. Bg2 Rc7 16. Re2 Qa8 17. Qe1 Rd8 18. Rd1 Rcd7 19. Red2 b5 20. Qe2 Bb4 21. a3 Be7 22. cxb5 cxb5 23. Bxb7 Qxb7 24. Qxb5 Qxb5 25. Nxb5 Rb7 26. a4 a6 27. Na3 Rxb3 28. Nc4 Rc8 29. Ne5 Nd5 30. Nd3 Ba3 31. Bxa3 Rxa3 32. Nc5 a5 33. Rb1 Nb4 34. f4 Kf8 35. Kg2 Ke7 36. Rb3 Rxb3 37. Nxb3 Ra8 38. Kf3 Nd5 39. Ke4 {normal} 1/2-1/2

[Event "GER-ch Youth U18w 2019"]
[Site "Willingen"]
[Date "2019.06.11"]
[Round "4.8"]
[White "Kobald, Jacqueline"]
[Black "Kadach, Maria"]
[Result "1-0"]
[ECO "B17"]
[WhiteElo "1839"]
[BlackElo "1448"]
[Annotator "NA"]
[PlyCount "57"]
[EventDate "2019.06.07"]
[EventType "swiss"]
[EventRounds "9"]
[EventCountry "GER"]
[SourceTitle "playchess.com"]
[Source "ChessBase"]
[SourceQuality "1"]
[TimeControl "40/5400+30:1800+30"]

1. e4 c6 2. d4 d5 3. Nc3 dxe4 4. Nxe4 Nd7 5. Ng5 Ngf6 6. Bd3 e6 7. Qe2 Bd6 8. N1f3 h6 9. Ne4 Nxe4 10. Qxe4 Nf6 11. Qe2 Qc7 12. Bd2 O-O 13. O-O-O c5 14. g4 cxd4 15. Nxd4 Bf4 16. h4 Bxd2+ 17. Qxd2 h5 18. gxh5 Nxh5 19. Ne2 Qe5 20. Rdg1 Qf6 21. Rg5 g6 22. Rhg1 Kh8 23. Bxg6 fxg6 24. Rxg6 Qf7 25. Rh6+ Qh7 26. Rxh7+ Kxh7 27. Qg5 Rf6 28. Qg8+ Kh6 29. Qh8# {normal} 1-0

[Event "GER-ch Youth U18w 2019"]
[Site "Willingen"]
[Date "2019.06.11"]
[Round "4.9"]
[White "Tampe, Friederike"]
[Black "Alferova, Ekaterina"]
[Result "1/2-1/2"]
[ECO "B13"]
[WhiteElo "1512"]
[BlackElo "1597"]
[Annotator "NA"]
[PlyCount "85"]
[EventDate "2019.06.07"]
[EventType "swiss"]
[EventRounds "9"]
[EventCountry "GER"]
[SourceTitle "playchess.com"]
[Source "ChessBase"]
[SourceQuality "1"]
[TimeControl "40/5400+30:1800+30"]

1. e4 c6 2. d4 d5 3. exd5 cxd5 4. Bd3 Nc6 5. c3 Qc7 6. Ne2 Nf6 7. Nd2 e6 8. O-O Bd6 9. h3 O-O 10. Qc2 h6 11. Nf3 Bd7 12. Be3 Rac8 13. Qc1 Ne7 14. Nh4 Nf5 15. Nxf5 exf5 16. Bf4 Nh5 17. Bxd6 Qxd6 18. Qd1 Rfe8 19. Nc1 Nf4 20. Bc2 Qe6 21. Kh1 Bb5 22. Nd3 Qd6 23. Re1 Rxe1+ 24. Nxe1 Re8 25. Bxf5 Re2 26. Bd3 Rxe1+ 27. Qxe1 Nxd3 28. Qd2 Qf6 29. Kg1 Nf4 30. Qe3 Qg5 31. Qf3 Be2 32. Qg3 Qxg3 33. fxg3 Ne6 34. Kf2 Bb5 35. Rc1 Kf8 36. b3 Bc6 37. Ke3 Ke7 38. Rc2 Kd6 39. c4 b6 40. g4 f6 41. h4 a6 42. g3 Bd7 43. Rd2 {[%emt 0:00:00] normal} 1/2-1/2

[Event "GER-ch Youth U18w 2019"]
[Site "Willingen"]
[Date "2019.06.11"]
[Round "4.10"]
[White "Schneider, Xenia"]
[Black "Trams, Emma Joe"]
[Result "0-1"]
[ECO "C21"]
[WhiteElo "1364"]
[BlackElo "1418"]
[Annotator "NA"]
[PlyCount "46"]
[EventDate "2019.06.07"]
[EventType "swiss"]
[EventRounds "9"]
[EventCountry "GER"]
[SourceTitle "playchess.com"]
[Source "ChessBase"]
[SourceQuality "1"]
[TimeControl "40/5400+30:1800+30"]

1. e4 e5 2. d4 exd4 3. Bc4 d6 4. Qxd4 Nc6 5. Qc3 Nf6 6. Qe3 Be7 7. Nf3 O-O 8. Bd2 Ne5 9. Nxe5 dxe5 10. Bc3 Bd6 11. Nd2 Re8 12. O-O-O Be6 13. Be2 Qe7 14. Qg3 Bd7 15. h4 h6 16. h5 a5 17. f3 b5 18. b3 a4 19. Nf1 axb3 20. axb3 Bb4 21. Qe1 {[%emt 0:05:59] normal} Ra1+ {[%emt 0:05:30] normal} 22. Kb2 Bxc3+ 23. Kxc3 {[%emt 0:00:08] normal} Qc5+ {[%emt 0:03:25] normal} 0-1

[Event "GER-ch Youth U18w 2019"]
[Site "Willingen"]
[Date "2019.06.11"]
[Round "4.11"]
[White "Schiewe, Nadin"]
[Black "Kuemmel, Tina"]
[Result "1-0"]
[ECO "A05"]
[WhiteElo "1608"]
[BlackElo "1446"]
[Annotator "NA"]
[PlyCount "95"]
[EventDate "2019.06.07"]
[EventType "swiss"]
[EventRounds "9"]
[EventCountry "GER"]
[SourceTitle "playchess.com"]
[Source "ChessBase"]
[SourceQuality "1"]
[TimeControl "40/5400+30:1800+30"]

1. Nf3 Nf6 2. b3 c5 3. c4 Nc6 4. Bb2 e6 5. e3 d5 6. d4 cxd4 7. Nxd4 Bb4+ 8. Bc3 e5 9. Nxc6 Bxc3+ 10. Nxc3 bxc6 11. cxd5 cxd5 12. Bb5+ Bd7 13. O-O O-O 14. Qd3 Be6 15. Rfd1 Rc8 16. b4 Qe7 17. a3 Rfd8 18. Ne2 g6 19. Rac1 Bf5 20. Qb3 Qb7 21. Bd3 Bg4 22. h3 Be6 23. Qb2 Nd7 24. Bc2 f6 25. Bb3 Nb6 26. Nc3 Nc4 27. Qa2 Qa6 28. Na4 Bf7 29. Bxc4 dxc4 30. Nc3 Rd3 31. a4 Rcd8 32. Qc2 Qb7 33. b5 R8d6 34. Kf1 Qd7 35. Ke2 Qf5 36. g4 Qd7 37. Ne4 Re6 38. Nc5 Qe7 39. Nxe6 Rxd1 40. Rxd1 Bxe6 41. Qd2 Kf7 42. Qd6 Qb7 43. f3 g5 44. Rd2 h6 45. e4 Bc8 46. Qd5+ Qxd5 47. Rxd5 Be6 48. Rc5 {[%emt 0:01:00] normal} 1-0

[Event "GER-ch Youth U18w 2019"]
[Site "Willingen"]
[Date "2019.06.11"]
[Round "4.12"]
[White "Mundt, Alexandra"]
[Black "Peters, Jenna Maria Lara"]
[Result "1/2-1/2"]
[ECO "C67"]
[WhiteElo "1797"]
[BlackElo "1594"]
[Annotator "NA"]
[PlyCount "52"]
[EventDate "2019.06.07"]
[EventType "swiss"]
[EventRounds "9"]
[EventCountry "GER"]
[SourceTitle "playchess.com"]
[Source "ChessBase"]
[SourceQuality "1"]
[TimeControl "40/5400+30:1800+30"]

1. e4 e5 2. Nf3 Nc6 3. Bb5 Nf6 4. O-O Nxe4 5. Re1 Nd6 6. Bxc6 dxc6 7. Nxe5 Be7 8. Qe2 Be6 9. Nf3 Nf5 10. c3 O-O 11. d4 h6 12. Bf4 g5 13. Bd2 c5 14. dxc5 Bxc5 15. Qb5 Bb6 16. Bc1 Qd5 17. Qa4 Qc4 18. Qc2 Rad8 19. Ne5 Qd5 20. Nd2 Ne3 21. fxe3 Qxe5 22. Nf3 Bf5 23. Qe2 Qe4 24. Nd4 Bg4 25. Qf1 Rfe8 {[%emt 0:00:22] normal} 26. h3 Bh5 {[%emt 0:00:15] normal} 1/2-1/2

[Event "GER-ch Youth U18w 2019"]
[Site "Willingen"]
[Date "2019.06.11"]
[Round "4.13"]
[White "Gesell, Patricia"]
[Black "Gauchel, Verena"]
[Result "1-0"]
[ECO "A05"]
[WhiteElo "1046"]
[BlackElo "1534"]
[Annotator "NA"]
[PlyCount "20"]
[EventDate "2019.06.07"]
[EventType "swiss"]
[EventRounds "9"]
[EventCountry "GER"]
[SourceTitle "playchess.com"]
[Source "ChessBase"]
[SourceQuality "1"]
[TimeControl "40/5400+30:1800+30"]

1. Nf3 Nf6 2. c4 c6 3. g3 g6 4. Bg2 Bg7 5. Nc3 d5 6. cxd5 cxd5 7. O-O O-O 8. Rb1 Nc6 9. b3 Ne4 10. Bb2 Bf5 {[%emt 0:06:02] normal} 1-0

[Event "GER-ch Youth U18w 2019"]
[Site "Willingen"]
[Date "2019.06.12"]
[Round "5.1"]
[White "Nguyen, Ha Thanh"]
[Black "Moenster, Madita"]
[Result "1-0"]
[ECO "B92"]
[WhiteElo "1940"]
[BlackElo "1994"]
[Annotator "NA"]
[PlyCount "93"]
[EventDate "2019.06.07"]
[EventType "swiss"]
[EventRounds "9"]
[EventCountry "GER"]
[SourceTitle "playchess.com"]
[Source "ChessBase"]
[SourceQuality "1"]
[TimeControl "40/5400+30:1800+30"]

1. e4 c5 2. Nf3 d6 3. d4 cxd4 4. Nxd4 Nf6 5. Nc3 a6 6. Be2 e5 7. Nb3 Be7 8. O-O O-O 9. Kh1 Nc6 10. Be3 Be6 11. Bf3 Qc7 12. a3 Na5 13. Nxa5 Qxa5 14. Rc1 Rad8 15. Qd2 Qc7 16. Nd5 Bxd5 17. exd5 Nd7 18. Be2 f5 19. f3 Rc8 20. c4 Qd8 21. b4 Nf6 22. Rfd1 f4 23. Bf2 Qd7 24. c5 Kh8 25. c6 Qc7 26. a4 Ra8 27. a5 bxc6 28. Rxc6 Qb7 29. Rdc1 e4 30. Bb6 e3 31. Qd4 Qb8 32. Bc7 Qe8 33. Rxa6 Rxa6 34. Bxa6 Nh5 35. Kg1 Bf6 36. Qe4 Be5 37. Be2 Nf6 38. Qd3 Qf7 39. Qd1 Qxd5 40. Qxd5 Nxd5 41. b5 Nc3 42. Kf1 Bd4 43. b6 Nd5 44. Bxd6 Rg8 45. b7 Ba7 46. Rc8 {[%emt 0:00:00] normal} Rxc8 47. bxc8=Q# 1-0